 Dungeon Crawl Stone Soup version 0.31-a0-819-gf6de2f5ab6 (webtiles) character file.

Game seed: 4330488544737182669

98 Shayle the Trooper (level 4, 0/45 HPs)
             Began as an Ogre Hexslinger on Sept 23, 2023.
             Slain by an orc wizard
             ... wielding a +0 dagger
              (1 damage)
             ... on level 3 of the Dungeon.
             The game lasted 00:03:18 (1668 turns).

Shayle the Trooper (Ogre Hexslinger)                Turns: 1668, Time: 00:03:18

Health: 0/45       AC:  3    Str: 12    XL:     4   Next: 71%
Magic:  7/7        EV: 10    Int: 16    God:
Gold:   71         SH:  0    Dex: 11    Spells: 8/8 levels left

rFire   . . .        a - +1 sling
rCold   . . .        (no shield)
rNeg    . . .        c - +0 robe
rPois   .            (helmet restricted)
rElec   .            (no cloak)
rCorr   .            (gloves unavailable)
SInv    .            (boots unavailable)
Will    .....        (no amulet)
Stlth   +            (no ring)
HPRegen 0.27/turn    (no ring)
MPRegen 0.10/turn

%: no passive effects
@: no status effects
A: large, unfitting armour, tough skin 1
a: no special abilities


You were on level 3 of the Dungeon.
You visited 1 branch of the dungeon, and saw 3 of its levels.

You collected 71 gold pieces.

Inventory:

Hand Weapons
 a - a +1 sling (weapon)
Armour
 c - a +0 robe (worn)
Jewellery
 p - an amulet of the acrobat
Scrolls
 d - a scroll of amnesia {unknown}
 f - a scroll of enchant armour {unknown}
 g - a scroll of teleportation {unknown}
 h - 2 scrolls of identify {unknown}
 m - a scroll of vulnerability {unknown}
 q - a scroll of immolation {unknown}
Potions
 i - a potion of lignification
 o - a potion of enlightenment {unknown}


   Skills:
 + Level 3.0 Fighting
 - Level 1.3 Ranged Weapons
 - Level 1.7 Dodging
 + Level 2.5 Spellcasting
 - Level 2.6 Hexes
 + Level 2.0 Fire Magic
 + Level 2.1 Invocations


You had 8 spell levels left.
You didn't know any spells.
Your spell library contained the following spells:

 Spells                   Type           Power      Damage    Failure   Level
 Jinxbite                 Hex            20%        N/A       10%         2
 Confusing Touch          Hex            10%        N/A       19%         3
 Sigil of Binding         Hex            10%        N/A       19%         3
 Kiss of Death            Conj/Necr      8%         2d6       21%         1
 Magic Dart               Conj           8%         1d3       21%         1
 Inner Flame              Hex/Fire       9%         N/A       22%         3
 Call Imp                 Summ           4%         N/A       30%         2
 Wereblood                Tmut           2%         N/A       30%         2
 Mephitic Cloud           Conj/Pois/Air  2%         N/A       52%         3
 Cause Fear               Hex            5%         N/A       54%         4
 Dimensional Bullseye     Hex/Tloc       3%         N/A       75%         4
 Dispel Undead            Necr           2%         3d7       89%         4
 Irradiate                Conj/Tmut      1%         3d12      99%         5


Dungeon Overview and Level Annotations

Branches:
Dungeon (3/15)

Altars:

Shops:
D:1 [


Innate Abilities, Weirdness & Mutations

You are too large for most types of armour.
You have tough skin. (AC +1)


Message History

Your Invocations skill increases to level 2!
You shoot a sling bullet. The sling bullet barely misses the orc.
The orc hits you but does no damage. The orc hits you with a +0 hand axe.
* * * LOW HITPOINT WARNING * * *
The orc hits you but does no damage.
Unknown command.
You shoot a sling bullet.
The sling bullet closely misses the orc.
The orc hits you but does no damage.
The orc hits you from afar with a +0 trident of protection.
* * * LOW HITPOINT WARNING * * *
Unknown command.
It was a potion of haste.
You feel yourself speed up. The orc hits you with a +0 hand axe.
* * * LOW HITPOINT WARNING * * *
The orc wizard hits you but does no damage.
The orc hits you but does no damage.
An orc comes into view. It is wielding a +0 hand axe.
It was a potion of invisibility.
You fade into invisibility!
The orc hits you but does no damage.
The orc wizard hits you but does no damage.
The orc hits you but does no damage.
The orc throws a stone.
The stone closely misses the orc.
The stone closely misses the orc wizard.
The stone hits you but does no damage.
It was a potion of brilliance.
You feel clever all of a sudden. The orc hits you but does no damage.
It was a potion of cancellation.
Your magical effects are unravelling.
You feel magically purged.
You feel less wooden.
Your +0 robe unmelds from your body.
You feel yourself slow down.
You flicker back into view.
You feel a little less clever now.
The orc hits you from afar with a +0 trident of protection!
* * * LOW HITPOINT WARNING * * *
The orc wizard hits you with a +0 dagger.
You die...

#. #.# #.#
#.# #.# #.#
#.# #<# #.#
#.# #.# #.#
#.# #.# #.#
#.# #.# #.#
#.######.#
#.# #.#
#.........
##.###.###.#
#..#####.#
#...)......#
#..# #.#
#..###)#####
#o@# #.# #.#
#.o# #.#
###.o# #.#
#....#
#.#####.##o#
#.....†....#
########.###
#.# #§#


You could see an orc wizard and 3 orcs.

Vanquished Creatures
  An orc priest (D:3)
  An iguana (D:3)
  A dart slug (D:2)
  An orc (D:3)
  4 endoplasms
  3 giant cockroaches
  4 goblins
  A hobgoblin (D:1)
  3 jackals (D:1)
  A quokka (D:2)
  8 ball pythons
  2 bats (D:1)
  2 frilled lizards (D:1)
  4 kobolds
  4 rats
40 creatures vanquished.

Notes
Turn   | Place    | Note
-------+----------+-------------------------------------------
     0 | D:1      | Shayle the Ogre Hexslinger began the quest for the Orb.
     0 | D:1      | Reached XP level 1. HP: 19/19 MP: 2/2
    54 | D:1      | Reached skill level 1 in Fire Magic
   116 | D:1      | Reached XP level 2. HP: 24/28 MP: 2/4
   181 | D:1      | Found Ziwnus's Antique Armour Emporium.
   190 | D:1      | Reached skill level 2 in Fighting
   301 | D:1      | Reached skill level 1 in Invocations
   565 | D:2      | Reached XP level 3. HP: 35/35 MP: 5/5
  1617 | D:3      | Reached XP level 4. HP: 36/44 MP: 7/7
  1663 | D:3      | Reached skill level 3 in Fighting
  1668 | D:3      | HP: 1/45 [orc/+0 trident of protection (7)]
  1668 | D:3      | Slain by an orc wizard

Illustrated notes

Levels and vault maps discovered:
D:1:      kennysheep_arrival_forest, layout_basic, serial_shops, shop
D:2:      layout_basic, chequers_serial_rivers_micro_b, minmay_pentomino_r2
D:3:      layout_loops_ring

Skill      XL: |  1  2  3  4 |
---------------+-------------+-----
Fire Magic     | 1 2 |  2.0
Fighting       | 2 3 |  3.0
Invocations    | 1 2 |  2.1
Spellcasting   | 2 |  2.5
Ranged Weapons | |  1.3
Dodging        | |  1.7
Hexes          | |  2.6

Action                     |  1- 3 |  4- 6 || total
---------------------------+-------+-------++-------
   Fire: Sling             |   138 |    24 ||   162
    Use: Scroll            |     1 |     2 ||     3
         Potion            |       |     5 ||     5
 Armour: Robe              |    43 |     9 ||    52
         Skin              |       |    31 ||    31
  Dodge: Dodged            |    34 |     8 ||    42

Table legend: (Time is in decaauts)
 A = Elapsed time spent in this place.
 B = Non-inter-level travel time spent in this place.
 C = Inter-level travel time spent in this place.
 D = Time resting spent in this place.
 E = Time spent auto-exploring this place.
 F = Levels seen in this place.
 G = Mean time per level.
                   A        B        C        D        E       F      G
               +--------+--------+--------+--------+--------+-----+--------+
         Total |   1721 |   1680 |     41 |     78 |   1246 |   3 |  573.7 |
       Dungeon |   1721 |   1680 |     41 |     78 |   1246 |   3 |  573.7 |
               +--------+--------+--------+--------+--------+-----+--------+

Top non-repeatable levels by time:
     D:2: 852 daAuts
     D:1: 563 daAuts
     D:3: 305 daAuts
